 Dungeon Crawl Stone Soup version 0.29-a0-284-gf9362112df (webtiles) character file.

Game seed: 11786713419647057325

2692 spaghetti the Thaumaturge (level 9, -4/57 HPs)
             Began as a Djinni Arcane Marksman on Mar 26, 2022.
             Was an Initiate of Gozag.
             Slain by Joseph
             ... wielding a +0 quarterstaff
              (8 damage)
             ... on level 7 of the Dungeon.
             The game lasted 00:16:03 (9060 turns).

spaghetti the Thaumaturge (Djinni Arcane Marksman)  Turns: 9060, Time: 00:16:04

Health: -4/57      AC:  8    Str:  8 (9)  XL:     9   Next: 96%
Gold:   382        EV: 11    Int: 18 (19) God:    Gozag SH:  4 Dex: 11 (14)

rFire   + + .      SeeInvis .   J - +2 dagger (venom) {short}
rCold   x . .      Faith    .   k - +0 buckler
rNeg    . . .      Spirit   .   b - +0 robe
rPois   ∞          Reflect  .   (helmet restricted)
rElec   .          Harm     .   K - +2 cloak {rPois}
rCorr   .          Rampage  .   B - +0 pair of gloves
Will    .....                   (boots unavailable)
Stlth   +.........              (no amulet)
HPRegen 0.19/turn               (no ring)
MPRegen 0.00/turn               (no ring)

@: brilliant, attractive, flying, unable to read
A: sickness immunity, fire resistance 2, cold vulnerability 1, float, innate
caster, HP casting, extra vitality 1, horns 1, iridescent scales 1, inability to
read while threatened
a: Renounce Religion, Potion Petition, Call Merchant, Bribe Branch


You were on level 7 of the Dungeon.
You worshipped Gozag.
Gozag was aware of your devotion.
You visited 1 branch of the dungeon, and saw 7 of its levels.

You collected 1179 gold pieces.
You paid 797 gold pieces to Gozag.


Innate Abilities, Weirdness & Mutations

You are immune to sickness and miasma.
You are immune to poison.
Your flesh is very heat resistant. (rF++)
You are vulnerable to cold. (rC-)
You float through the air rather than walking.
You learn spells naturally, not from books.
Your magical power is your life essence.
You have superior vitality. (+4 MHP)
You have a pair of small horns on your head.
You are partially covered in iridescent scales. (AC +2)
You sometimes lose the ability to read scrolls when taking damage.


   Skills:
 - Level 1.0 Fighting
 - Level 1.5 Crossbows
 - Level 2.1 Dodging
 - Level 2.0 Shields
 + Level 10.1 Spellcasting


You had 8 spell levels left.
You knew the following spells:

 Your Spells              Type           Power      Damage    Failure   Level
a - Slow                  Hex            100%       N/A       1%          1
b - Inner Flame           Hex/Fire       62%        N/A       1%          3
c - Portal Projectile     Hex/Tloc       100%       N/A       1%          3
d - Cause Fear            Hex            31%        N/A       1%          4
e - Foxfire               Conj/Fire      100%       2x1d9     1%          1
f - Call Imp              Summ           62%        N/A       1%          2
g - Blink                 Tloc           100%       N/A       1%          2
h - Animate Dead          Necr           31%        N/A       1%          4
Your spell library was empty.

Inventory:

Hand Weapons
 a - a +0 hand crossbow {crossbow}
 r - a +0 dagger of venom {short}
   (You took it off an orc on level 3 of the Dungeon)
 D - a +2 trident of freezing {polearm}
   (You took it off an orc on level 4 of the Dungeon)
 E - a +0 dagger of speed {short}
   (You took it off an orc on level 4 of the Dungeon)
 J - a +2 dagger of venom (weapon) {short}
   (You found it on level 6 of the Dungeon)
 L - a +3 quarterstaff of chaos {staff}
   (You took it off Crazy Yiuf on level 6 of the Dungeon)
Missiles
 d - 6 javelins {throwing}
 f - 156 stones {throwing}
 x - 6 poisoned darts {throwing}
Armour
 b - a +0 robe (worn)
 k - a +0 buckler (worn)
   (You found it on level 1 of the Dungeon)
 t - a +0 cloak
   (You found it on level 4 of the Dungeon)
 B - a +0 pair of gloves (worn)
   (You found it on level 4 of the Dungeon)
 K - a +2 cloak of poison resistance (worn)
   (You took it off Crazy Yiuf on level 6 of the Dungeon)
Jewellery
 h - a ring of ice
   (You found it on level 1 of the Dungeon)
 z - a ring of willpower
   (You found it on level 5 of the Dungeon)
Wands
 s - a wand of flame (10)
   (You found it on level 3 of the Dungeon)
 y - a wand of iceblast (7)
   (You found it on level 5 of the Dungeon)
 H - a wand of paralysis (4)
   (You took it off Pikel on level 6 of the Dungeon)
 I - a wand of polymorph (5)
   (You took it off Sigmund on level 6 of the Dungeon)
Scrolls
 c - 2 scrolls of vulnerability {!r!r}
 i - 8 scrolls of identify {unknown}
 l - 2 scrolls of teleportation {unknown}
 m - 2 scrolls of noise {unknown}
 n - 2 scrolls of fog {unknown}
 o - a scroll of enchant weapon {unknown}
 q - a scroll of holy word {unknown}
 u - a scroll of blinking {unknown}
 w - 5 scrolls of silence {unknown}
 A - 2 scrolls of magic mapping {!r}
 G - a scroll of amnesia {unknown}
Potions
 e - a potion of might
 g - a potion of mutation {!q}
 j - a potion of invisibility

Dungeon Overview and Level Annotations

Branches:
Dungeon (7/15)             Temple (0/1) D:7

Altars:
Dithmenos
Elyvilon
Gozag
Wu Jian

Shops:
D:4 *   D:5 *

Annotations:
D:7 Joseph

###########.#
#.§....@..#.###
#.######.$.....
###.# #$#####.
##.#§# ##$# #.
##....###....# 8.
##..).§.......# ...
#..........##.# 8.>.
##.@@.§######.......
##...## ###.#.8.
##.## ##.### #.# #.#
#.. ... .### .


You could see Joseph.


Message History

You kill the orc!
Joseph zaps a wand.
The bolt of acid hits you!!
You feel threatened and lose the ability to read scrolls!
* * * LOW HITPOINT WARNING * * *
The acid corrodes you! 😨 HP[-20]
You take 20 damage, and now have 26/57 hp.
MASSIVE DAMAGE!! (PAUSE)
Casting: Foxfire (safe; 1% risk of failure)
Confirm with . or Enter, or press ? or * to list all spells.
You conjure some foxfire!
* * * LOW HITPOINT WARNING * * *
The foxfire hits Joseph.
Joseph resists.
The foxfire hits Joseph.
Joseph resists.
The foxfire hits Joseph.
Joseph completely resists. 😨 HP[-1]
You take 1 damage, and now have 25/57 hp.
Casting: Foxfire (safe; 1% risk of failure)
Confirm with . or Enter, or press ? or * to list all spells.
You conjure some foxfire!
* * * LOW HITPOINT WARNING * * *
The foxfire hits Joseph.
Joseph resists.
The foxfire hits Joseph.
Joseph resists.
Casting: Foxfire (safe; 1% risk of failure)
Confirm with . or Enter, or press ? or * to list all spells.
Casting: Cause Fear (dangerous; 1% risk of failure)
Press: ? - help, Dir - look around, f - activate Joseph resists with almost no effort.
* * * LOW HITPOINT WARNING * * *
The foxfire hits Joseph.
Joseph completely resists.
The foxfire hits Joseph.
Joseph resists. 😨 HP[-4]
You take 4 damage, and now have 21/57 hp.
Casting: Cause Fear (dangerous; 1% risk of failure)
Confirm with . or Enter, or press ? or * to list all spells.
Casting: Cause Fear (dangerous; 1% risk of failure)
Press: ? - help, Dir - look around, f - activate Joseph looks frightened!
* * * LOW HITPOINT WARNING * * *
😨 HP[-4]
You take 4 damage, and now have 17/57 hp.
It was a potion of brilliance.
You feel clever all of a sudden.
Joseph gives up.
It was a potion of curing.
You feel better. 😨 HP[+6]
You regained 6 hp, and now have 23/57 hp.
It was a potion of attraction.
You feel attractive to monsters.
It was a potion of degeneration.
There was something very wrong with that liquid.
You feel weakened.
You feel dopey.
You feel clumsy. 😨 HP[+1]
You now have 382 gold pieces (gained 5).
Things that are here:
a +0 mace of protection {mace}; a +0 ring mail
Okay, then.
You can read scrolls again.
Joseph is attracted toward you.
Joseph shoots a sling bullet.
The sling bullet hits you!
You feel threatened and lose the ability to read scrolls!
* * * LOW HITPOINT WARNING * * *
The sling bullet burns you.
* * * LOW HITPOINT WARNING * * *
Joseph is attracted toward you. 😱 HP[-18]
You take 18 damage, and now have 6/57 hp.
MASSIVE DAMAGE!! (PAUSE)
You cannot read scrolls in your current state!
Unknown command.
Casting: Cause Fear (dangerous; 1% risk of failure)
Confirm with . or Enter, or press ? or * to list all spells.
Casting: Cause Fear (dangerous; 1% risk of failure)
Press: ? - help, Dir - look around, f - activate You feel a surge of power!
Joseph looks frightened!
* * * LOW HITPOINT WARNING * * *
You are no longer corroded.
Joseph is attracted toward you. 😱 HP[-2]
You take 2 damage, and now have 4/57 hp.
Press: ? - help, v - describe, . - travel
Here: Joseph, wielding a +1 hunting sling of flaming, wearing a +0 leather armour of fire resistance and carrying a wand of acid (5) (moderately wounded, fleeing)
The floor.
Joseph mutters, "Of all the rotten luck!"
Joseph is attracted toward you.
Okay, then.
Unknown command.
You cannot read scrolls in your current state!
Okay, then.
Okay, then.
Aiming: Paralyse
Press: ? - help, Shift-Dir - straight line, f - Joseph
Aim: Joseph, wielding a +1 hunting sling of flaming, wearing a +0 leather armour of fire resistance and carrying a wand of acid (5) (moderately wounded, fleeing, chance to affect: 31%)
Your attack snaps Joseph out of his fear.
Joseph easily resists.
Joseph unwields a +1 hunting sling of flaming.
It stops flaming.
Joseph wields a +0 quarterstaff.
Joseph hits you with a +0 quarterstaff!
You die...
Your body crumbles into a pile of gold.

Skill      XL: |  1  2  3  4  5  6  7  8  9 |
---------------+----------------------------+-----
Spellcasting   | 3 4 5 6 8 10 | 10.1
Shields        | 1 2 |  2.0
Fighting       | |  1.0
Crossbows      | |  1.5
Dodging        | |  2.1

Action                   |  1- 3 |  4- 6 |  7- 9 || total
-------------------------+-------+-------+-------++-------
Melee: Dagger            |       |       |    10 ||    10
       Headbutt          |       |       |     2 ||     2
 Fire: Hand crossbow     |    71 |    10 |    39 ||   120
 Cast: Slow              |     2 |       |     1 ||     3
       Foxfire           |    32 |   118 |   224 ||   374
       Call Imp          |       |     3 |     4 ||     7
       Cause Fear        |       |     2 |    15 ||    17
       Portal Projectile |       |       |     3 ||     3
       Blink             |       |       |     2 ||     2
Invok: Potion Petition   |       |     1 |     2 ||     3
Evoke: Wand              |       |     3 |     1 ||     4
  Use: Potion            |       |     1 |     6 ||     7
       Scroll            |       |       |     1 ||     1
Armor: Robe              |    10 |     8 |    34 ||    52
Dodge: Dodged            |    27 |    22 |    83 ||   132
Block: Buckler           |       |     6 |    14 ||    20

Levels and vault maps discovered:
D:1:      dpeg_arrival_subterranean_lakeside_camping, layout_loops_ring,
          ebering_ecumenical_altar_ruins
D:2:      layout_basic, basic_altar, minmay_misc_feat_roman
D:3:      layout_basic
D:4:      layout_rooms, serial_shops, kennysheep_little_box, uniq_grinder
D:5:      layout_loops_cross, nicolae_alphabet_shops, uniq_blork_the_orc
D:6:      layout_cave_pods, mainiacjoe_overflow_small_starburst,
          minmay_ruined_shrine, uniq_sigmund, uniq_pikel,
          uniq_crazy_yiuf_cottage
D:7:      layout_loops_corners, minmay_temple_entry_statues_pillars, uniq_joseph

Notes
Turn   | Place    | Note
-------+----------+-------------------------------------------
     0 | D:1      | spaghetti the Djinni Arcane Marksman began the quest for
                  | the Orb.
     0 | D:1      | Reached XP level 1. HP: 17/17 MP: 0/0
     0 | D:1      | magus.rc [v1.9.6]
   106 | D:1      | Reached XP level 2. HP: 22/22 MP: 0/0
   109 | D:1      | Found a faded altar of an unknown god.
   144 | D:1      | HP: 4/22 [quokka (4)]
   150 | D:1      | HP: 1/22 [kobold/+0 whip (1)]
   460 | D:1      | Prayed at the altar of an unknown god.
   460 | D:1      | Became a worshipper of Gozag Ym Sagoz the Greedy
   566 | D:1      | Reached skill level 3 in Spellcasting
   714 | D:1      | Reached XP level 3. HP: 23/27 MP: 0/0
   714 | D:1      | Learned a level 1 spell: Foxfire
  1384 | D:2      | Found a shadowy altar of Dithmenos.
  1519 | D:2      | Reached XP level 4. HP: 29/32 MP: 0/0
  1829 | D:2      | Reached skill level 1 in Shields
  2334 | D:3      | Reached XP level 5. HP: 27/37 MP: 0/0
  2334 | D:3      | Learned a level 2 spell: Call Imp
  2579 | D:3      | Reached skill level 2 in Shields
  2579 | D:3      | Reached skill level 4 in Spellcasting
  3459 | D:4      | Reached XP level 6. HP: 37/42 MP: 0/0
  3914 | D:4      | You are sucked into a shaft and drop 1 floor!
  3914 | D:5      | Entered Level 5 of the Dungeon
  4005 | D:5      | Noticed a sky beast
  4018 | D:5      | HP: 9/42 [something (5)]
  4019 | D:5      | HP: 1/42 [something (6)]
  4020 | D:5      | Gained mutation: You are partially covered in iridescent
                  | scales. (AC +2) [potion of mutation]
  4020 | D:5      | Gained mutation: You have a pair of small horns on your
                  | head. [potion of mutation]
  4020 | D:5      | Gained mutation: You sometimes lose the ability to read
                  | scrolls when taking damage. [potion of mutation]
  4247 | D:5      | Killed a sky beast
  4248 | D:5      | Reached skill level 5 in Spellcasting
  4418 | D:5      | Found Salitsoaly's Superlative Supplies.
  4519 | D:5      | Reached XP level 7. HP: 41/47 MP: 0/0
  4519 | D:5      | Learned a level 2 spell: Blink
  5266 | D:4      | Reached skill level 6 in Spellcasting
  5471 | D:4      | Found Gueshrah's General Store.
  5552 | D:4      | Noticed Grinder
  5560 | D:4      | Killed Grinder
  5561 | D:4      | Reached XP level 8. HP: 47/52 MP: 0/0
  5815 | D:6      | Noticed Pikel
  6181 | D:5      | Reached skill level 7 in Spellcasting
  6290 | D:5      | Noticed Blork the orc
  6309 | D:5      | Killed Blork the orc
  7040 | D:6      | Found a runed translucent door.
  7041 | D:6      | Noticed Crazy Yiuf
  7313 | D:6      | HP: 3/52 [orc warrior/+0 short sword (12)]
  7476 | D:6      | Killed Pikel
  7477 | D:6      | Reached skill level 8 in Spellcasting
  7477 | D:6      | Reached XP level 9. HP: 45/57 MP: 0/0
  7477 | D:6      | Learned a level 4 spell: Animate Dead
  7583 | D:6      | Reached skill level 9 in Spellcasting
  7644 | D:6      | Found an ornate altar of the Wu Jian Council.
  7853 | D:6      | HP: 11/57 [gnoll sergeant/+1 spear of venom (13)]
  8233 | D:6      | Noticed Sigmund
  8240 | D:6      | Killed Sigmund
  8511 | D:6      | Reached skill level 10 in Spellcasting
  8621 | D:6      | Found a white marble altar of Elyvilon.
  8879 | D:6      | HP: 13/57 [Crazy Yiuf/+3 quarterstaff of chaos (4)]
  8882 | D:6      | Killed Crazy Yiuf
  9017 | D:7      | Found a staircase to the Ecumenical Temple.
  9027 | D:7      | Noticed Joseph
  9057 | D:7      | HP: 8/57 [Joseph/sling bullet (17)]
  9060 | D:7      | Slain by Joseph

Vanquished Creatures
  Pikel (D:6)
  Grinder (D:4)
  Sigmund (D:6)
  A water moccasin (D:6)
  2 sky beasts
  An ice beast (D:6)
  A black bear (D:5)
  An orc warrior (D:6)
  A centaur (D:6)
  4 lemures
  Blork the orc (D:5)
  A necrophage (D:6)
  A gnoll sergeant (D:6)
  A scorpion (D:5)
  3 killer bees (D:6)
  3 jellies (D:6)
  5 hounds
  4 orc priests
  Crazy Yiuf (D:6)
  An iguana (D:4)
  A gnoll shaman (D:6)
  3 orc wizards
  7 gnolls
  5 adders
  A white imp (D:6)
  An ufetubus (D:5)
  A worm (D:2)
  2 dart slugs (D:1)
  20 orcs
  7 bats
  3 endoplasms
  3 giant cockroaches
  6 goblins
  8 hobgoblins
  10 jackals
  3 quokkas (D:1)
  8 ball pythons
  7 kobolds
  6 rats
137 creatures vanquished.

Vanquished Creatures (collateral kills)
  A sky beast (D:5)
1 creature vanquished.

Vanquished Creatures (others)
  631 foxfires
631 creatures vanquished.

Grand Total: 769 creatures vanquished

Table legend:
 A = Non-vault XP
 B = Vault XP
 C = Vault XP percentage of total XP
 D = Non-vault monster count
 E = Vault monster count
 F = Vault count percentage of total count
                 A         B        C        D         E       F
            +---------+---------+-------+---------+---------+-------
      Total |    2093 |    1754 |  45.6 |     120 |      14 |  10.4
            +---------+---------+-------+---------+---------+-------
        D:1 |      59 |       2 |   3.3 |      33 |       2 |   5.7
        D:2 |      38 |       0 |   0.0 |      13 |       0 |   0.0
        D:3 |     167 |       0 |   0.0 |      22 |       0 |   0.0
        D:4 |     285 |     295 |  50.9 |      20 |       1 |   4.8
        D:5 |     548 |      91 |  14.2 |       8 |       1 |  11.1
        D:6 |     984 |    1366 |  58.1 |      20 |      10 |  33.3
        D:7 |      12 |       0 |   0.0 |       4 |       0 |   0.0
            +---------+---------+-------+---------+---------+-------

Illustrated notes

Table legend:
 A = Kills in this place as a percentage of kills in entire the game.
 B = Kills by you in this place as a percentage of kills by you in the entire game.
 C = Kills by friends in this place as a percentage of kills by friends in the entire game.
 D = Other kills in this place as a percentage of other kills in the entire game.
 E = Experience gained in this place as a percentage of experience gained in the entire game.
 F = Experience gained in this place divided by the number of levels of this place that you have seen.
                   A       B       C       D       E      F
               +-------+-------+-------+-------+-------+----------------------
         Total | 100.0 | 100.0 | 100.0 |   N/A | 100.0 | 549.6
       Dungeon | 100.0 | 100.0 | 100.0 |   N/A | 100.0 | 549.6
               +-------+-------+-------+-------+-------+----------------------

Table legend: (Time is in decaauts)
 A = Elapsed time spent in this place.
 B = Non-inter-level travel time spent in this place.
 C = Inter-level travel time spent in this place.
 D = Time resting spent in this place.
 E = Time spent auto-exploring this place.
 F = Levels seen in this place.
 G = Mean time per level.
                   A        B        C        D        E       F      G
               +--------+--------+--------+--------+--------+-----+--------+
         Total |   9133 |   8728 |    405 |   2094 |   5477 |   7 | 1304.7 |
       Dungeon |   9133 |   8728 |    405 |   2094 |   5477 |   7 | 1304.7 |
               +--------+--------+--------+--------+--------+-----+--------+

Top non-repeatable levels by time:
     D:5: 1951 daAuts
     D:6: 1932 daAuts
     D:4: 1517 daAuts
     D:1: 1326 daAuts
     D:3: 1309 daAuts
     D:2: 1005 daAuts
     D:7: 91 daAuts
